 Dungeon Crawl Stone Soup version 0.19.5 (webtiles) character file.

51 straycat the Charmwright (level 3, -1/27 HPs)
             Began as a Vampire Skald on May 17, 2017.
             Succumbed to an adder's poison
             ... on level 2 of the Dungeon.
             The game lasted 00:21:50 (2028 turns).

straycat the Charmwright (Vampire Skald)            Turns: 2028, Time: 00:21:50

Health: -1/27      AC:  6    Str: 16    XL:     3   Next: 57%
Magic:  6/6        EV: 12    Int: 14    God:
Gold:   36         SH:  0    Dex: 14    Spells: 3 memorised, 0 levels left

rFire  . . .     SeeInvis +       - Unarmed
rCold  . . .     Gourm    .     a - +0 leather armour
rNeg   + . .     Faith    .     (no shield)
rPois  .         Spirit   .     (no helmet)
rElec  .         Reflect  .     (no cloak)
rCorr  .         Harm     .     r - +0 pair of gloves
MR     .....                    t - +1 pair of boots {Fly}
Stlth  +.........               (no amulet)
                                (no ring)
                                l - ring of wizardry

@: mighty, lethally poisoned (-1 -> -15)
A: fangs 3, see invisible, unbreathing
a: Bat Form, Evoke Flight


You were on level 2 of the Dungeon.
You were not thirsty.

You visited 1 branch of the dungeon, and saw 2 of its levels.

You collected 36 gold pieces.

Inventory:

Hand Weapons
 d - a +0 mace
 j - a +0 club
 o - a +0 whip
 p - a cursed +0 hunting sling
 s - a cursed -2 dagger
 w - a +4 dagger of draining
Missiles
 e - 54 arrows
 k - 55 stones (quivered)
 y - 15 poisoned needles
Armour
 a - a +0 leather armour (worn)
 r - a +0 pair of gloves (worn)
 t - a +1 pair of boots of flying (worn)
 A - a +0 large shield
 B - a +0 ring mail
Jewellery
 l - a ring of wizardry (left hand)
Scrolls
 i - a scroll of amnesia
Potions
 c - 8 potions of blood
 q - a potion of agility {unknown}
 z - a potion of lignification {unknown}
Books
 b - a book of Battle

   Spells                             Type                      Level
   a - Infusion                       Charms                       1
   b - Shroud of Golubria             Charms/Translocation         2
   c - Song of Slaying                Charms                       2
   d - Spectral Weapon                Hexes/Charms                 3
   e - Regeneration                   Charms/Necromancy            3
Comestibles
 g - 3 bread rations


   Skills:
 * Level 2.1 Fighting
 + Level 0.1 Throwing
 + Level 1.0 Armour
 * Level 1.8 Dodging
 * Level 2.6 Unarmed Combat
 + Level 2.2 Spellcasting
 + Level 3.8 Charms


You couldn't memorise any spells.
You knew the following spells:

 Your Spells              Type           Power        Failure   Level  Hunger
a - Infusion              Chrm           ##..         4%          1    #......
b - Spectral Weapon       Hex/Chrm       #.......     16%         3    ###....
c - Shroud of Golubria    Chrm/Tloc      #.........   9%          2    ###....


Dungeon Overview and Level Annotations

Branches:
Dungeon (2/15)

Altars:


Innate Abilities, Weirdness & Mutations

You have razor-sharp teeth.
You have supernaturally acute eyesight. (SInv)
You can survive without breathing.


Message History

* * * LOW HITPOINT WARNING * * *
You feel sick.
* * * LOW HITPOINT WARNING * * *
You feel sick.
* * * LOW HITPOINT WARNING * * *
You feel sick.
Yummy - fresh blood!
* * * LOW HITPOINT WARNING * * *
You feel sick.
There is a lethal amount of poison in your body!
There is a lethal amount of poison in your body!
There is a lethal amount of poison in your body!
There is a lethal amount of poison in your body!
There is a lethal amount of poison in your body!
There is a lethal amount of poison in your body!
There is a lethal amount of poison in your body!
There is a lethal amount of poison in your body!
It was a potion of might.
You feel very mighty all of a sudden.
You die...

.##.#####.# #†#
......(...#####.#
......(.......#.#
.#..###.#####.#^######
#..# #.# #........#
#..# #.# #..#####.#
#..# #.# #.[# #.#
#..###.# #..# #.#
#...@..# #..# #.#
#..#########..#####.#
#.>......)..........#
#..###########.###.##
#..# #...#####.# #..#
#.#....<.## #...
#.#.#.#.### #...
...........
....###.###


There were no monsters in sight!

Vanquished Creatures
  An adder (D:2)
  2 dart slugs (D:1)
  A leopard gecko (D:1)
  3 giant cockroaches (D:1)
  7 goblins (D:1)
  5 hobgoblins (D:1)
  2 jackals (D:1)
  8 bats
  A frilled lizard (D:2)
  3 rats (D:1)
33 creatures vanquished.

Notes
Turn   | Place    | Note
-------+----------+-------------------------------------------
     0 | D:1      | straycat the Vampire Skald began the quest for the Orb.
     0 | D:1      | Reached XP level 1. HP: 16/16 MP: 3/3
   348 | D:1      | Reached XP level 2. HP: 13/22 MP: 0/5
  1291 | D:1      | Reached XP level 3. HP: 27/27 MP: 6/6
  1698 | D:1      | Reached skill level 1 in Armour
  1895 | D:1      | Learned a level 3 spell: Spectral Weapon
  1918 | D:1      | Learned a level 2 spell: Shroud of Golubria
  2027 | D:2      | HP: 1/27 [poisoned by an adder]
  2028 | D:2      | Succumbed to an adder's poison

Skill      XL: |  1  2  3 |
---------------+----------+-----
Fighting       | 2 |  2.1
Armour         | 1 |  1.0
Throwing       | |  0.1
Dodging        | |  1.8
Unarmed Combat | |  2.6
Spellcasting   | |  2.2
Charms         | |  3.8

Action                   || total
-------------------------++-------
Melee: Unarmed           ||    97
       Bite              ||     7
Throw: Stone             ||    50
 Cast: Infusion          ||    13
       Shroud of Golubri ||     2
 Abil: Stop Flying       ||     1
  Use: Scroll            ||     7
       Potion            ||     4
  Eat: Corpse            ||     2
Armor: Leather armour    ||    41
Dodge: Dodged            ||    63
